 Dungeon Crawl Stone Soup version 0.26.1-2-gb8aa6d0cf2 (webtiles) character file.

Game seed: 13753850301755215041

120 vatarom the Ruffian (level 4, -3/35 HPs)
             Began as a Draconian Transmuter on Feb 16, 2021.
             Killed by divine providence
             ... invoked by an orc priest
              (15 damage)
             ... on level 3 of the Dungeon.
             The game lasted 00:03:49 (2769 turns).

vatarom the Ruffian (Draconian Transmuter)          Turns: 2769, Time: 00:03:49

Health: -3/35      AC:  5    Str: 13    XL:     4   Next: 75%
Magic:  7/7        EV: 12    Int: 13    God:
Gold:   115        SH:  0    Dex: 12    Spells: 3/7 levels left

rFire    . . .     SeeInvis .     - Unarmed
rCold    . . .     Faith    .   (no shield)
rNeg     . . .     Spirit   .   (armour unavailable)
rPois    .         Reflect  .   (helmet currently unavailable)
rElec    .         Harm     .   (no cloak)
rCorr    .         Rampage  .   (no gloves)
Will     .....                  (boots currently unavailable)
Stlth    +.........             (no amulet)
HPRegen  0.11/turn              (no ring)
MPRegen  0.10/turn              (no ring)

@: appendages (expiring)
A: unfitting armour, horns 2, talons 2, cold-blooded, AC +5
a: End Transformation


You were on level 3 of the Dungeon.
You had grown temporary horns.
You had grown temporary talons.
You visited 1 branch of the dungeon, and saw 3 of its levels.

You collected 115 gold pieces.

Inventory:

Missiles
 g - 7 silver javelins
Armour
 l - a +0 pair of boots
Scrolls
 a - 2 scrolls of teleportation {unknown}
 e - a scroll of remove curse {unknown}
 f - 2 scrolls of immolation {unknown}
 h - a scroll of magic mapping {unknown}
 j - a scroll of enchant weapon {unknown}
 n - a scroll of fog {unknown}
Potions
 b - 3 potions of curing {unknown}
 c - a potion of degeneration {unknown}
 d - 2 potions of lignification {unknown}
 i - a potion of flight {unknown}
 k - a potion of attraction {unknown}
 m - a potion of experience {unknown}


   Skills:
 - Level 1.1 Fighting
 - Level 1.7 Dodging
 + Level 4.4 Unarmed Combat
 - Level 2.0 Spellcasting
 + Level 3.8 Transmutations


You had 3 spell levels left.
You knew the following spells:

 Your Spells              Type           Power        Failure   Level
a - Beastly Appendage     Tmut           22%          5%          1
b - Spider Form           Tmut/Pois      3%           34%         3

Your spell library contained the following spells:

 Spells                   Type           Power        Failure   Level
 Wereblood                Tmut           11%          9%          2
 Ice Form                 Ice/Tmut       6%           75%         4
 Blade Hands              Tmut           5%           83%         5


Dungeon Overview and Level Annotations

Branches:
Dungeon (3/15)

Altars:

Annotations:
D:3 1 runed translucent door


Innate Abilities, Weirdness & Mutations

Your plain brown scales are hard. (AC +5)
You cannot fit into any form of body armour.
You are cold-blooded and may be slowed by cold attacks.
You have a pair of horns on your head.
You have razor-sharp toenails.


Message History

An orc priest comes into view. It is wielding a +0 dagger.
The orc hits you with a +0 short sword.
You completely miss the orc. The orc barely misses you.
You barely miss the orc. You headbutt the orc.
The orc is severely wounded.
The orc priest calls down the wrath of Beogh upon you.
Beogh smites you!
The ball python bites you but does no damage.
The ball python closely misses you.
You hear a shout!
You are too injured to fight recklessly!
Unknown command.
The orc misses you.
The ball python bites you but does no damage.
The ball python closely misses you.
Found a stone staircase leading up.
Your transformation is almost over.
The orc priest mumbles some strange prayers to Beogh against you.
Beogh smites you!
You die...

#.♣♣♣♣..# #...♣...#
########## ##..P.P##
#........# ##..###
#........# # ##.#
#........###♣..♣ #.#
#.†............♣
#.########........$##♣
#.....).((..Soo.o....♣
#.#####.##.@.......##♣
#.# #.#.(<..#......<
#(# #.#.#.#.#....###
#.# #########...## #..
...[.. #.. +..#### ##.


You could see an orc priest, 2 orcs and a ball python.

Vanquished Creatures
  Robin (D:2)
  2 adders
  An ooze (D:1)
  4 worms
  2 dart slugs
  A leopard gecko (D:2)
  3 orcs
  2 ball pythons
  3 giant cockroaches
  8 hobgoblins
  2 jackals (D:2)
  A quokka (D:2)
  6 bats
  4 frilled lizards
  14 goblins
  8 kobolds
  A quokka skeleton (D:2)
  6 rats
69 creatures vanquished.

Vanquished Creatures (others)
  A plant (D:3)
  4 toadstools (D:1)
5 creatures vanquished.

Grand Total: 74 creatures vanquished

Notes
Turn   | Place    | Note
-------+----------+-------------------------------------------
     0 | D:1      | vatarom the Draconian Transmuter began the quest for the
                  | Orb.
     0 | D:1      | Reached XP level 1. HP: 16/16 MP: 3/3
   163 | D:1      | Reached XP level 2. HP: 23/23 MP: 3/5
   648 | D:1      | Reached XP level 3. HP: 21/28 MP: 6/6
   915 | D:2      | Noticed Robin
  1222 | D:1      | Learned a level 3 spell: Spider Form
  1253 | D:2      | Killed Robin
  1254 | D:2      | Reached skill level 4 in Unarmed Combat
  1472 | D:2      | Reached XP level 4. HP: 35/35 MP: 7/7
  2759 | D:3      | Found a runed translucent door.
  2769 | D:3      | Killed from afar by an orc priest

Illustrated notes

Levels and vault maps discovered:
D:1:      ldierk_walled_garden_2, layout_rooms
D:2:      layout_basic, minmay_strange_pillars, uniq_robin
D:3:      layout_basic, serial_forest, infiniplex_forest_corner_1,
          infiniplex_forest_straight_3, infiniplex_forest_end_2,
          infiniplex_forest_clump_double, infiniplex_forest_end_1,
          ebering_ghost_sewer_f, chequers_serial_rivers_large_b

Skill      XL: |  1  2  3 |
---------------+----------+-----
Transmutations | 3 |  3.8
Unarmed Combat | 4 |  4.4
Fighting       | |  1.1
Dodging        | |  1.7
Spellcasting   | |  2.0

Action                   |  1- 3 |  4- 6 || total
-------------------------+-------+-------++-------
Melee: Unarmed           |   110 |    78 ||   188
       Kick              |    10 |    12 ||    22
       Headbutt          |    14 |    10 ||    24
       Tailslap          |     4 |     3 ||     7
       Punch             |       |     2 ||     2
 Cast: Beastly Appendage |    26 |    16 ||    42
Armor: Skin              |    37 |    27 ||    64
Dodge: Dodged            |    80 |    45 ||   125
